 Dungeon Crawl Stone Soup version 0.20-a0-191-g0795697 (webtiles) character file.

1917 sugary the Grappler (level 9, -1/72 HPs)
             Began as a Ghoul Monk on Nov 23, 2016.
             Was an Elder of Ieoh Jian.
             Killed from afar by a gargoyle (22 damage)
             ... with a stone arrow
             ... on level 7 of the Dungeon.
             The game lasted 00:19:02 (5062 turns).

sugary the Grappler (Ghoul Monk)                    Turns: 5062, Time: 00:19:03

Health: -1/72      AC:  8    Str: 15    XL:     9   Next: 16%
Magic:  8/8        EV: 14    Int:  5    God:    Ieoh Jian [****..]
Gold:   413        SH:  2    Dex: 14    Spells: 8/8 levels left

rFire  . . .     SeeInvis .     O - +4 halberd
rCold  + . .     Gourm    .     j - +2 robe {MR+}
rNeg   + + +     Faith    .     (shield currently unavailable)
rPois  ∞         Spirit   .     q - +2 helmet
rElec  .         Reflect  +     (no cloak)
rCorr  .         Harm     .     (no gloves)
MR     +....                    n - +0 pair of boots
Stlth  +++.......               s - +2 amulet of reflection
                                (no ring)
                                (no ring)

@: being watched over by the Council, very slightly contaminated, rotting,
hasted, very quick
A: rotting body, claws 1, carnivore 3, cold resistance 1, negative energy
resistance 3, slow regeneration 1, torment resistance, unbreathing
a: Project Weapon, Recall Weapon, Renounce Religion


You were on level 7 of the Dungeon.
You worshipped Ieoh Jian.
Ieoh Jian was greatly pleased with you.
You were not hungry.

You visited 2 branches of the dungeon, and saw 8 of its levels.

You collected 413 gold pieces.

Inventory:

Hand Weapons
 f - a +0 scythe
 I - a -2 blowgun
 O - a +4 halberd (weapon)
Missiles
 a - a throwing net (quivered)
 c - 8 needles of confusion
 A - 27 poisoned needles
 H - 62 arrows
 N - 19 stones
Armour
 j - a +2 robe of magic resistance (worn)
 n - a +0 pair of boots (worn)
 q - a +2 helmet (worn)
Jewellery
 s - a +2 amulet of reflection (around neck)
 G - an uncursed ring of ice
Wands
 J - a wand of iceblast (7/15)
Scrolls
 h - 2 scrolls of teleportation
 l - 2 scrolls of blinking {unknown}
 m - 2 scrolls of enchant armour {unknown}
 o - a scroll of remove curse
 p - a scroll of recharging {unknown}
 r - 3 scrolls of amnesia
 t - 2 scrolls of magic mapping
 y - a scroll of fear
 B - 4 scrolls of immolation
 D - 4 scrolls of identify
 K - a scroll of silence {unknown}
 L - a scroll of enchant weapon
Potions
 e - a potion of flight {unknown}
 g - 4 potions of curing
 k - a potion of haste
 u - a potion of berserk rage {unknown}
 v - a potion of cancellation {unknown}
 w - 2 potions of agility {unknown}
 F - 2 potions of mutation {unknown}
 M - a potion of beneficial mutation {unknown}
Books
 d - a book of Debilitation

   Spells                             Type                      Level
   a - Corona                         Hexes                        1
   b - Slow                           Hexes                        2
   c - Gell's Gravitas                Hexes/Translocation          3
   d - Inner Flame                    Hexes/Fire                   3
   e - Cause Fear                     Hexes                        4
   f - Leda's Liquefaction            Hexes/Earth                  4
 C - a book of Misfortune

   Spells                             Type                      Level
   a - Confusing Touch                Hexes                        1
   b - Confuse                        Hexes                        3
   c - Gell's Gravitas                Hexes/Translocation          3
   d - Petrify                        Transmutation/Earth          4
   e - Metabolic Englaciation         Hexes/Ice                    5
   f - Yara's Violent Unravelling     Hexes/Transmutation          5
Comestibles
 b - 6 meat rations
 i - a slice of pizza
 x - a royal jelly
 z - a beef jerky
 E - 2 chunks of flesh


   Skills:
 + Level 4.4 Fighting
   Level 0.1(8.2) Axes
 + Level 2.4 Armour
 + Level 4.1 Dodging
 + Level 5.1 Stealth
 * Level 10.8 Unarmed Combat


You had 8 spell levels left.
You didn't know any spells.

Dungeon Overview and Level Annotations

Branches:
Dungeon (7/15)             Temple (1/1) D:6

Altars:
Ashenzari
Cheibriados
Elyvilon
Fedhas
Gozag
Hepliaklqana Ieoh Jian
Makhleb
Nemelex Xobeh
Okawaru
Qazlal
Ru
Trog
Vehumet
Xom
Yredelemnul
Zin
The Shining One

Annotations:
D:5 mdk's ghost, amateur OgHu
D:6 1 runed door


Innate Abilities, Weirdness & Mutations

Your body is rotting away.
You thrive on raw meat.
You are immune to poison.
You have sharp fingernails.
You are carnivorous and can eat meat at any time.
Your flesh is cold resistant. (rC+)
You are immune to negative energy. (rN+++)
You regenerate slowly when monsters are visible.
You are immune to unholy pain and torment.
You can survive without breathing.


Message History

This raw flesh tastes great!
Eat one of 3 chunks of flesh? (ye/n/q)
You start eating one of the 3 chunks of flesh.
The gargoyle hurls a stone arrow at you.
The stone arrow misses you.
This raw flesh tastes great!
You hit the gargoyle but do no damage.
The gargoyle hits you but does no damage.
You hit the gargoyle.
The gargoyle is lightly damaged.
Your afterimage dissipates.
A +6 great sword manifests from thin air!
You barely miss the gargoyle.
The gargoyle is lightly damaged.
The gargoyle barely misses you.
Eat one of 2 chunks of flesh? (ye/n/q)
You start eating one of the 2 chunks of flesh.
The gargoyle hurls a stone arrow at you.
The stone arrow hits you!
You die...

#......#.##......
###.......#......#
#....##9.#...###.# ###.
#s#9####.........#.....
# # #.# #......#.....#
.# #.# #..###.#.###.#
..# #.#
#......#.....#...#. ...
#...#9....#........ ...
#...#@###.#)###....
.....#...#(.[..#........
........#.....#.....#
#....###.#.###.#.....#
#.#......#.....#)....
#.#...#.....#.......####
#.#...#.###.#.###......
#.#...#.)...#........##
#.#......#........#...#


You could see a gargoyle and a friendly flying weapon.

Vanquished Creatures
  A deep elf mage (D:7)
  Sigmund (D:4)
  A hungry ghost (D:7)
  An ice beast (D:6)
  2 sky beasts
  An ogre (D:6)
  A centaur (D:5)
  2 bullfrogs
  A howler monkey (D:6)
  3 crimson imps
  A quasit (D:4)
  2 jellies
  2 hounds
  A bullfrog skeleton (D:4)
  An iguana (D:5)
  5 worker ants
  A hound zombie (D:6)
  A worker ant zombie (D:6)
  Robin (D:3)
  9 adders
  A shadow imp (D:5)
  An ooze (D:4)
  3 worms
  2 dart slugs
  6 leopard geckos
  13 orcs
  5 bats
  2 giant cockroaches
  16 goblins
  13 hobgoblins
  10 jackals
  3 quokkas
  3 frilled lizards
  A hobgoblin zombie (D:5)
  4 kobolds
  3 kobold skeletons (D:5)
  A kobold zombie (D:5)
  2 orc skeletons (D:5)
  2 orc zombies (D:5)
  A quokka zombie (D:6)
  5 rats
135 creatures vanquished.

Vanquished Creatures (others)
  8 flying weapons
8 creatures vanquished.

Grand Total: 143 creatures vanquished

Notes
Turn   | Place    | Note
-------+----------+-------------------------------------------
     0 | D:1      | sugary the Ghoul Monk began the quest for the Orb.
     0 | D:1      | Reached XP level 1. HP: 19/19 MP: 0/0
   162 | D:1      | Reached XP level 2. HP: 10/26 MP: 1/1
   511 | D:2      | Reached skill level 4 in Unarmed Combat
   577 | D:2      | Reached XP level 3. HP: 21/31 MP: 2/2
   840 | D:2      | Found an iron altar of Okawaru.
  1054 | D:2      | Found a hazy altar of Hepliaklqana.
  1063 | D:2      | Reached XP level 4. HP: 39/39 MP: 3/3
  1146 | D:2      | Found a blossoming altar of Fedhas.
  1420 | D:3      | Found an ornate altar of the Ieoh Jian Council.
  1442 | D:3      | Became a worshipper of Ieoh Jian the Bladed Council
  1442 | D:3      | Reached * piety under Ieoh Jian
  1442 | D:3      | Reached ** piety under Ieoh Jian
  1487 | D:3      | Noticed a sky beast
  1552 | D:3      | Noticed Robin
  1559 | D:3      | Killed Robin
  1565 | D:3      | Reached skill level 5 in Unarmed Combat
  1572 | D:3      | Found a white marble altar of Elyvilon.
  1700 | D:3      | Killed a sky beast
  1700 | D:3      | Reached skill level 1 in Armour
  1700 | D:3      | Reached XP level 5. HP: 23/46 MP: 4/4
  2042 | D:3      | Found a stormy altar of Qazlal.
  2098 | D:3      | Reached XP level 6. HP: 52/52 MP: 5/5
  2104 | D:3      | Reached *** piety under Ieoh Jian
  2364 | D:4      | Reached skill level 6 in Unarmed Combat
  2650 | D:4      | Found a radiant altar of Vehumet.
  2711 | D:4      | Found a shimmering altar of Xom.
  2713 | D:4      | Found a radiant altar of Vehumet.
  2713 | D:4      | Found a glowing golden altar of the Shining One.
  2715 | D:4      | Found a hazy altar of Hepliaklqana.
  2715 | D:4      | Found a burning altar of Makhleb.
  2715 | D:4      | Found a radiant altar of Vehumet.
  2761 | D:4      | Noticed Sigmund
  2795 | D:4      | Killed Sigmund
  2795 | D:4      | Reached skill level 7 in Unarmed Combat
  2795 | D:4      | Reached XP level 7. HP: 59/59 MP: 6/6
  2924 | D:5      | Entered Level 5 of the Dungeon
  2974 | D:5      | Noticed mdk's ghost (amateur OgHu)
  3137 | D:5      | Found a sparkling altar of Nemelex Xobeh.
  3491 | D:5      | Found a glowing golden altar of the Shining One.
  3598 | D:5      | Reached skill level 8 in Unarmed Combat
  3836 | D:6      | Found a glowing silver altar of Zin.
  3836 | D:6      | Found a runed door.
  3836 | D:6      | Noticed an angel
  3942 | D:6      | Reached XP level 8. HP: 65/66 MP: 7/7
  4014 | D:6      | Found an opulent altar of Gozag.
  4034 | D:6      | Reached **** piety under Ieoh Jian
  4142 | D:6      | Found a staircase to the Ecumenical Temple.
  4163 | Temple   | Entered the Ecumenical Temple
  4183 | D:6      | Reached skill level 9 in Unarmed Combat
  4222 | D:6      | Found a bloodstained altar of Trog.
  4946 | D:7      | Reached skill level 10 in Unarmed Combat
  4958 | D:7      | Noticed a deep elf mage
  4966 | D:7      | Killed a deep elf mage
  4966 | D:7      | Reached skill level 5 in Stealth
  4966 | D:7      | Reached XP level 9. HP: 54/72 MP: 8/8
  5037 | D:7      | Noticed a gargoyle
  5062 | D:7      | Killed from afar by a gargoyle

Vault maps used:
D:1:      nicolae_arrival_washed_ashore, hangedman_decor_clover_reticule,
          serial_bayou_pond_d
D:2:      fedhas_altar_4, lemuel_coloured_pillars_altar, old_standard_altar
D:3:      lemuel_crystal_altar, lemuel_round_altar, lemuel_crystal_altar,
          uniq_robin
D:4:      doesnt_xom_only_xom, nicolae_overflow_crystal_walls, first_bread,
          uniq_sigmund
D:5:      nicolae_tso_besieged_by_evil, nemelex_xobeh_ov_fountains_minmay
D:6:      kennysheep_mini_moat, overflow_temple_1_default,
          roderic_roman_lattice, lemuel_angel_altar
D:7:      hangedman_cross_stitches
Temple:   eino_temple_lava

Skill      XL: |  1  2  3  4  5  6  7  8 |
---------------+-------------------------+-----
Unarmed Combat | 4 5 7 8 10 | 10.8
Dodging        | 3 4 |  4.1
Fighting       | 4 |  4.4
Armour         | 1 2 |  2.4
Stealth        | 3 5 |  5.1
Axes           | |  0.1

Action                   |  1- 3 |  4- 6 |  7- 9 || total
-------------------------+-------+-------+-------++-------
Melee: Unarmed           |   114 |   132 |   194 ||   440
       Hand axe          |       |    11 |       ||    11
       Short sword       |       |     8 |       ||     8
       Punch             |       |     3 |     6 ||     9
       War axe           |       |       |     2 ||     2
       Broad axe         |       |       |     5 ||     5
       Mace              |       |       |     4 ||     4
       Halberd           |       |       |     3 ||     3
Invok: Project Weapon    |       |     2 |     2 ||     4
  Use: Scroll            |       |     8 |     4 ||    12
       Potion            |       |     1 |     3 ||     4
 Stab: Sleeping          |     2 |     3 |     8 ||    13
       Distracted        |       |       |     2 ||     2
  Eat: Chunk             |    10 |    12 |    22 ||    44
Armor: Robe              |    12 |       |    43 ||    55
       Ring mail         |    38 |    39 |     2 ||    79
Dodge: Dodged            |    92 |    56 |    93 ||   241
Block: Other             |       |    11 |     6 ||    17
